 Dungeon Sprint DCSS version 0.22.1-1-ga44c0e56f4 (webtiles) character file.

25 MuseOD the Sneak (level 2, -3/22 HPs)
             Began as a Spriggan Enchanter on Oct 3, 2018.
             Slain by a scorpion (6 damage)
             ... in the Dungeon (Sprint III: "The Ten Rune Challenge").
             The game lasted 00:00:39 (285 turns).

MuseOD the Sneak (Spriggan Enchanter)                Turns: 285, Time: 00:00:39

Health: -3/22      AC:  2    Str:  9    XL:     2   Next: 82%
Magic:  6/6        EV: 18    Int: 16    God:
Gold:   0          SH:  0    Dex: 16    Spells: 5/6 levels left

rFire    . . .     SeeInvis +   a - +1 dagger
rCold    . . .     Gourm    .   (shield restricted)
rNeg     . . .     Faith    .   b - +0 robe
rPois    .         Spirit   .   (helmet restricted)
rElec    .         Reflect  .   (no cloak)
rCorr    .         Harm     .   (gloves unavailable)
MR       .....     NoTele   +   (boots unavailable)
Stlth    ..........             (no amulet)
HPRegen  0.07/turn              (no ring)
MPRegen  0.10/turn              (no ring)

@: berserking, very quick
A: very small, unfitting armour, see invisible, herbivore, speed 3, slow
metabolism 2
a: no special abilities


You were in the Dungeon.
You were not hungry.

You visited 1 branch

Inventory:

Hand Weapons
 a - a +1 dagger (weapon)
Armour
 b - a +0 robe (worn)
Scrolls
 j - a scroll of blinking
Potions
 e - a potion of curing
 f - a potion of heal wounds
 g - 2 potions of haste
 h - 2 potions of magic
Comestibles
 d - a ration


   Skills:
 + Level 2.0 Fighting
 * Level 4.4 Short Blades
 - Level 3.0 Dodging
 + Level 6.3 Stealth
 - Level 2.6 Spellcasting
 - Level 3.6 Hexes


You had 5 spell levels left.
You knew the following spells:

 Your Spells              Type           Power        Failure   Level  Hunger
a - Corona                Hex            ##.....      4%          1    #......

Your spell library contained the following spells:

 Spells                   Type           Power        Failure   Level  Hunger
 Confuse                  Hex            ##......     13%         3    ###....
 Tukima's Dance           Hex            ##......     13%         3    ###....
 Ensorcelled Hibernation  Hex/Ice        #.....       14%         2    ##.....
 Dazzling Spray           Conj/Hex       #.....       28%         3    ###....


Dungeon Overview and Level Annotations

Branches:
Dungeon (1/1)

Altars:


Innate Abilities, Weirdness & Mutations

You are very small and have problems with some larger weapons.
You are too small for most types of armour.
You have supernaturally acute eyesight. (SInv)
You are a herbivore.
You cover ground extremely quickly.
You need to consume almost no food.


Message History

The human is almost dead.
The human closely misses you.
You closely miss the human.
The human is almost dead.
The human closely misses you.
You closely miss the human.
The human is almost dead.
You hit the human but do no damage.
The human is almost dead.
The human hits you.
* * * LOW HITPOINT WARNING * * *
You puncture the human!
You kill the human!
Your Fighting skill increases to level 2!
Your Short Blades skill increases to level 4!
Your Stealth skill increases to level 6!
You have reached level 2!
You barely miss the scorpion. You hit the scorpion but do no damage.
The scorpion stings you.
You die...

▓.....#....≈.♣♣♣..#
▓.....#...≈≈... ..#
▓.....#..≈≈≈≈♣♣♣..+
▓####'#..≈≈≈≈≈≈♣..#
▓[....#.≈≈≈≈≈≈....#
▓.†...#.≈≈≈≈≈.....#
▓.....#.≈≈≈.......#
▓'#####...........#
▓..@s.............#
▓▓▓▓▓▓▓▓▓▓▓▓▓▓▓▓▓▓▓


You could see a scorpion.

Vanquished Creatures
  A human (D)
  An ooze (D)
  3 rats (D)
5 creatures vanquished.

Vanquished Creatures (others)
  2 draconian scorchers (D)
  6 hellions (D)
  A yaktaur (D)
9 creatures vanquished.

Grand Total: 14 creatures vanquished

Notes
Turn   | Place    | Note
-------+----------+-------------------------------------------
     0 | D        | MuseOD the Spriggan Enchanter began the quest for the Orb.
     0 | D        | Reached XP level 1. HP: 9/9 MP: 5/5
    10 | D        | Reached skill level 1 in Fighting
    10 | D        | Reached skill level 5 in Stealth
   132 | D        | Killed a hellion
   158 | D        | Killed a hellion
   158 | D        | Killed a hellion
   180 | D        | Killed a hellion
   183 | D        | Killed a hellion
   183 | D        | Killed a hellion
   194 | D        | Killed a white draconian scorcher
   197 | D        | Killed a yaktaur
   234 | D        | Killed a white draconian scorcher
   249 | D        | Noticed a scorpion
   283 | D        | Reached skill level 6 in Stealth
   283 | D        | Reached XP level 2. HP: 3/15 MP: 6/6
   285 | D        | Slain by a scorpion

Skill      XL: |  1 |
---------------+----+-----
Fighting       | 2 |  2.0
Short Blades   | 4 |  4.4
Stealth        | 6 |  6.3
Dodging        | |  3.0
Spellcasting   | |  2.6
Hexes          | |  3.6

Action                   || total
-------------------------++-------
Melee: Dagger            ||    30
  Use: Potion            ||     1
 Stab: Sleeping          ||     2
Armor: Robe              ||     3
Dodge: Dodged            ||    19
